 Dungeon Crawl Stone Soup version 0.32-a0-928-g1cae6b7ea0 (webtiles) character file.

Game seed: 11368668497939186927

527 timneilson the Ruffian (level 7, -10/49 HPs)
             Began as an Octopode Shapeshifter on Apr 12, 2024.
             Killed from afar by a steam dragon (27 damage)
             ... with a ball of steam
             ... on level 7 of the Dungeon.
             The game lasted 00:04:09 (2433 turns).

timneilson the Ruffian (Octopode Shapeshifter)      Turns: 2433, Time: 00:04:10

Health: -10/49     AC:  1    Str: 15    XL:     7   Next: 23%
Magic:  7/7        EV: 13    Int: 12    God:
Gold:   167        SH:  4    Dex: 12    Spells: 6/6 levels left

rFire   . .          .
                       - Unarmed
rCold   . . .        d - +0 buckler
rNeg    . . .        (helmet currently unavailable)
rPois   .            (no amulet)
rElec   .            (no ring)
rCorr   .            (no ring)
SInv    .            (no ring)
Will    .....        (no ring)
Stlth   ++++         (no ring)
HPRegen 0.28/turn    (no ring)
MPRegen 0.10/turn    (no ring)
                     (no ring)

%: no passive effects
@: beast-form, marked
A: beast (slay +3), almost no armour, amphibious, 8 rings, camouflage 1,
gelatinous body 1, (nimble swimmer 1), tentacles
a: Begin Untransformation


You were on level 7 of the Dungeon.
You were a hulking beast.
You visited 1 branch of the dungeon, and saw 5 of its levels.

You collected 167 gold pieces.

Inventory:

Missiles
 h - 4 curare-tipped darts (quivered)
Armour
 d - a +0 buckler (worn)
Talismans
 b - a beast talisman (active)
 c - a flux talisman
Wands
 e - a wand of flame (15)
Scrolls
 f - a scroll of identify
 j - a scroll of noise {unknown}
Potions
 a - 4 potions of lignification
 g - a potion of cancellation
 i - a potion of invisibility


   Skills:
 + Level 4.3 Fighting
 * Level 6.2 Dodging
 + Level 5.7 Stealth
 + Level 3.8 Shields
 * Level 6.6 Unarmed Combat
 + Level 0.6 Evocations
 * Level 6.1 Shapeshifting


You had 6 spell levels left.
You didn't know any spells.
Your spell library contained the following spells:

 Spells                   Type           Power      Damage    Failure   Level
 Apportation              Tloc           0%         N/A       38%         1
 Necrotise                Necr           0%         1d4       38%         1
 Sting                    Conj/Alch      0%         1d3       38%         1
 Summon Small Mammal      Summ           0%         N/A       38%         1


Dungeon Overview and Level Annotations

Branches:
Dungeon (4/15)
 Temple: D:4-7

Altars:
Ru
Vehumet
Wu Jian

Shops:
D:1 :


Innate Abilities, Weirdness & Mutations

You are a hulking beast.
Your limbs bulge with bestial killing power. (Slay +3)
You cannot wear most types of armour.
You are amphibious.
You can wear up to eight rings at the same time.
Your skin changes colour to match your surroundings (Stealth+).
Your rubbery body absorbs attacks. (AC +1, EV +1)
((You are camouflaged when in or above water. (Stealth+)))
You have tentacles for arms and can constrict up to eight enemies at once.


Message History

You are engulfed in a cloud of soporific spores!
You fall asleep.
You lose your grip on the sleepcap.
The howler monkey hoots and howls with incredible vigour!
A hound comes into view.
The sleepcap completely misses you. The sleepcap releases spores at you!
You wake up.
You are engulfed in a cloud of soporific spores!
You are unaffected.
You tentacle-slap the sleepcap but do no damage.
You grab the sleepcap. You squeeze the sleepcap!
The sleepcap is almost destroyed.
You constrict the sleepcap, but do no damage.
You block the sleepcap's attack.
You tentacle-slap the sleepcap.
You destroy the sleepcap!
Okay, then.
You tentacle-slap the ice beast.
The ice beast is lightly wounded.
The ice beast hits you. The ice beast freezes you!
* * * LOW HITPOINT WARNING * * *
You bludgeon the ice beast! You squeeze the ice beast!
The ice beast is severely wounded.
A sky beast comes into view.
The ice beast closely misses you.
You bludgeon the ice beast! You squeeze the ice beast.
You kill the ice beast!
You have reached level 7!
You bludgeon the shadow imp!
You kill the shadow imp!
Unknown command.
You bludgeon the white imp! You grab the white imp. You squeeze the white imp.
You kill the white imp!
The hound stops to sniff the ground.
The howler monkey hoots and howls with incredible vigour!
An iguana comes into view.
The steam dragon breathes steam at you. The ball of steam hits you!!
Ouch! That really hurt!
You die...

##..#.##.#..(...
##..####......#..
##...# ##.....#..
#...## #........
#.### #.........
#.# #.....##..
#.# s...##.###.
##.## ....###. ..
#.h.#
f.#..###....
#..§# .#. ..
#.#.§...) ..
#.##§.#.# .# #l#
#§.####.# #h#
#D.....# .##
#.#######l..#...#
#.l.lh.lh....[...
#########YY......


You could see an iguana and a hound.

Vanquished Creatures
  An ice beast (D:7)
  A scorpion (D:7)
  A howler monkey (D:3)
  2 hounds (D:7)
  A sleepcap (D:7)
  7 adders
  A shadow imp (D:7)
  A white imp (D:7)
  A dart slug (D:1)
  2 ribbon worms (D:2)
  3 orcs (D:3)
  7 endoplasms
  7 giant cockroaches
  3 goblins
  7 hobgoblins
  6 jackals
  3 quokkas
  A ball python (D:2)
  3 bats
  A frilled lizard (D:1)
  5 kobolds
  8 rats
72 creatures vanquished.

Notes
Turn   | Place    | Note
-------+----------+-------------------------------------------
     0 | D:1      | timneilson the Octopode Shapeshifter began the quest for
                  | the Orb.
     0 | D:1      | Reached XP level 1. HP: 13/13 MP: 1/1
    33 | D:1      | Reached XP level 2. HP: 14/18 MP: 2/2
   351 | D:1      | Reached skill level 1 in Stealth
   481 | D:1      | Found Zicvejae's Book Shoppe.
   491 | D:1      | Reached XP level 3. HP: 20/23 MP: 3/3
   770 | D:2      | Reached XP level 4. HP: 17/28 MP: 4/4
  1564 | D:2      | Reached skill level 5 in Dodging
  1564 | D:2      | Reached skill level 5 in Stealth
  1564 | D:2      | Reached XP level 5. HP: 37/37 MP: 5/5
  1610 | D:3      | Reached XP level 6. HP: 37/43 MP: 6/6
  1896 | D:3      | Found a radiant altar of Vehumet.
  2121 | D:3      | Found an ornate altar of the Wu Jian Council.
  2121 | D:3      | Found a sacrificial altar of Ru.
  2361 | D:4      | You fall into a shaft and drop 3 floors!
  2409 | D:7      | Noticed an ice beast
  2413 | D:7      | Noticed a steam dragon
  2415 | D:7      | Noticed an ice beast
  2421 | D:7      | Noticed a sky beast
  2422 | D:7      | Killed an ice beast
  2423 | D:7      | Reached XP level 7. HP: 14/49 MP: 7/7
  2433 | D:7      | Killed from afar by a steam dragon

Illustrated notes

Levels and vault maps discovered:
D:1:      nzn_arrival_depleted_hourglass, layout_basic, serial_shops, shop,
          nrook_mini_backslash
D:2:      layout_basic
D:3:      layout_loops_ring, mainiacjoe_overflow_boulevard,
          gammafunk_temple_overflow_elements, mrwooster_statue_mirror,
          nicolae_elevator_lobby_plus
D:4:      layout_loops_ring, uniq_natasha
D:7:      layout_cave_pools, grunt_dithmenos_shadows, hangedman_decor_points,
          minmay_ruined_shrine

Skill      XL: |  1  2  3  4  5 |
---------------+----------------+-----
Stealth        | 1 5 |  5.7
Fighting       | 4 |  4.3
Dodging        | 5 6 |  6.2
Shields        | 3 |  3.8
Unarmed Combat | 6 |  6.6
Shapeshifting  | 6 |  6.1
Evocations     | |  0.6

Action                     |  1- 3 |  4- 6 |  7- 9 || total
---------------------------+-------+-------+-------++-------
  Melee: Unarmed           |    53 |    74 |     2 ||   129
         Constrict         |    18 |    26 |     1 ||    45
         Tentacles         |     9 |    19 |     1 ||    29
         Punch             |     1 |     4 |       ||     5
    Use: Scroll            |     1 |     5 |       ||     6
         Potion            |       |     1 |       ||     1
   Stab: Sleeping          |     6 |     8 |       ||    14
         Distracted        |       |     1 |       ||     1
 Armour: Skin              |    16 |    32 |     1 ||    49
  Dodge: Dodged            |    21 |    40 |       ||    61
  Block: Buckler           |     8 |    12 |       ||    20

Table legend: (Time is in decaauts)
 A = Elapsed time spent in this place.
 B = Non-inter-level travel time spent in this place.
 C = Inter-level travel time spent in this place.
 D = Time resting spent in this place.
 E = Time spent auto-exploring this place.
 F = Levels seen in this place.
 G = Mean time per level.
                   A        B        C        D        E       F      G
               +--------+--------+--------+--------+--------+-----+--------+
         Total |   2428 |   2326 |    102 |      0 |   1836 |   5 |  485.6 |
       Dungeon |   2428 |   2326 |    102 |      0 |   1836 |   5 |  485.6 |
               +--------+--------+--------+--------+--------+-----+--------+

Top non-repeatable levels by time:
     D:2: 954 daAuts
     D:3: 680 daAuts
     D:1: 644 daAuts
     D:4: 78 daAuts
     D:7: 70 daAuts
